 Dungeon Crawl Stone Soup version 0.32-a0-540-g866d13106e (webtiles) character file.

Game seed: 10870607729943399651

388 ytrimaz the Grave Robber (level 6, -5/41 HPs)
             Began as a Mummy Necromancer on Feb 29, 2024.
             Slain by a river rat (6 damage)
             ... in a sewer.
             The game lasted 00:05:49 (4279 turns).

ytrimaz the Grave Robber (Mummy Necromancer)        Turns: 4279, Time: 00:05:50

Health: -5/41      AC:  3    Str: 11    XL:     6   Next: 49%
Magic:  0/11       EV: 12    Int: 17    God:
Gold:   224        SH:  0    Dex: 12    Spells: 3/11 levels left

rFire   x . .        b - +2 short sword (venom)
rCold   + . .        (no shield)
rNeg    + + +        a - +0 robe
rPois   ∞            (no helmet)
rElec   .            (no cloak)
rCorr   +            (no gloves)
SInv    .            f - +0 pair of boots of the Desolation of Salt {rCorr}
Will    .....        h - amulet of regeneration
Stlth   ++           (no ring)
HPRegen 1.06/turn    (no ring)
MPRegen 0.12/turn

%: faith
@: animating dead
A: cold resistance 1, negative energy resistance 3, torment resistance 2, heat
vulnerability 1, in touch with death 1, no potions, faith
a: no special abilities


You were in a sewer.
You visited 1 branch of the dungeon, and saw 4 of its levels.
You also visited: Sewer.

You collected 224 gold pieces.


Innate Abilities, Weirdness & Mutations

You are immune to poison.
Your flesh is cold resistant. (rC+)
You are immune to negative energy. (rN+++)
You are immune to unholy pain and torment.
You are vulnerable to heat. (rF-)
You are in touch with the powers of death.
You do not drink.
You have a special connection with the divine. (Faith)


   Skills:
 + Level 3.1 Short Blades
 - Level 2.7 Dodging
 - Level 1.5 Stealth
 - Level 3.4 Spellcasting
 + Level 5.8 Necromancy


You had 3 spell levels left.
You knew the following spells:

 Your Spells              Type           Power      Damage    Failure   Level
a - Necrotise             Necr           100%       1d9       1%          1
b - Vampiric Draining     Necr           34%        2d8       4%          3
c - Animate Dead          Necr           34%        N/A       16%         4

Your spell library contained the following spells:

 Spells                   Type           Power      Damage    Failure   Level
 Ensorcelled Hibernation  Hex/Ice        4%         N/A       26%         2
 Passwall                 Erth           2%         N/A       45%         3
 Swiftness                Air            2%         N/A       45%         3
 Curse of Agony           Necr           34%        N/A       38%         5

Inventory:

Hand Weapons
 b - a +2 short sword of venom (weapon)
   (You found it on level 1 of the Dungeon)
Armour
 a - a +0 robe (worn)
 f - the +0 pair of boots of the Desolation of Salt (worn) {rCorr}
   (You found it on level 2 of the Dungeon)

   rCorr:     It protects you from acid and corrosion.
Jewellery
 h - an amulet of regeneration (around neck)
   (You found it on level 3 of the Dungeon)
Wands
 e - a wand of flame (32)
   (You found it on level 2 of the Dungeon)
Scrolls
 c - 2 scrolls of identify
 d - a scroll of fear
 g - a scroll of teleportation
 i - a scroll of poison
 l - a scroll of enchant armour {unknown}

Dungeon Overview and Level Annotations

Branches:
Dungeon (4/15) Zot: 19968   Sewer (1/1) Zot: 5760
 Temple: D:4-7

Altars:

Shops:
D:1 [

Annotations:
D:4 Edmund

##..†...≈~≈r†##
#.r....~~≈≈r.#
##.....~~~≈≈≈..#
#..†...~≈≈≈≈≈....
#......~~≈≈≈≈.....
#......~~≈≈≈~.....
##..S.~Z~≈≈≈~.~..
##.rS.~≈≈≈≈~~~.
#Z@S.≈≈≈≈≈≈~#
##..†~≈≈≈≈≈≈~
#.....≈≈≈≈≈≈≈
#.....≈≈≈≈≈≈≈
##....≈≈≈≈≈≈≈
#...~~≈≈≈≈≈
###'####≈#≈
#..)).# #≈#
#..)..# #≈


You could see a river rat (very poisoned, ally target), 3 ball pythons, a rat
(distracted), a friendly adder zombie and a friendly river rat zombie.


Message History

😕 HP[+1] MP[+1] 😕 HP[+2]
You regained 2 hp, and now have 36/41 hp.
A rat is nearby! 😕 HP[+1] 😕 HP[+1] 😕 HP[+1] 😕 HP[+1]
You hit the rat.
You kill the rat! 😎 HP[+1]
Your hp is fully restored (41).
You see here a rat corpse.
Casting: Vampiric Draining (dangerous; 4% risk of failure)
Confirm with . or Enter, or press ? or * to list all spells.
You feel a surge of power!
You call upon the dead to rise.
The river rat squeaks loudly. 😎 MP[-4]
You lost 4 mp, and now have 3/11 mp.
Unknown command.
Unknown command. 😎 MP[+1]
You closely miss the river rat. The adder barely misses you.
The ball python bites you but does no damage.
The ball python grabs you. The ball python constricts you.
The river rat bites you. The adder bites you. 😕 HP[-6]
You take 6 damage, and now have 35/41 hp.
You hit the adder.
The adder is poisoned.
The ball python bites you but does no damage.
The ball python constricts you. The adder bites you. 😕 HP[-1]
You take 1 damage, and now have 34/41 hp.
You hit the adder.
The ball python bites you but does no damage.
The ball python constricts you.
The river rat bites you but does no damage.
The adder bites you. 😕 HP[-2]
You take 2 damage, and now have 32/41 hp.
You hit the adder.
The adder looks as sick as possible!
The ball python bites you but does no damage.
The ball python constricts you. The ball python bites you.
The river rat bites you!
* * * LOW HITPOINT WARNING * * *
The adder bites you.
* * * LOW HITPOINT WARNING * * *
Unknown command. 😨 HP[-16]
You take 16 damage, and now have 16/41 hp.
MASSIVE DAMAGE!! (PAUSE)
Casting: Animate Dead (quite dangerous; 16% risk of failure)
Confirm with . or Enter, or press ? or * to list all spells.
Aiming: Vampiric Draining (dangerous; 4% risk of failure)
Press: ? - help, Shift-Dir - straight line, f/p - river rat
Aim: a river rat You feel a surge of power!
You draw life force from the river rat!
You kill the river rat!
You feel life coursing into your body.
The dead are walking!
The ball python barely misses you. The ball python constricts you.
The ball python bites you.
* * * LOW HITPOINT WARNING * * *
The adder bites you.
* * * LOW HITPOINT WARNING * * *
The ball python bites you but does no damage.
The ball python constricts you. 😨 HP[+1] MP[-3]
You lost 3 mp, and now have 1/11 mp.
Aiming: Necrotise (safe; 1% risk of failure)
Press: ? - help, Q - select action, (/) - cycle Shift-Dir - straight line, f - river rat
Aim: a river rat (chance to affect: 88%)
You feel a surge of power!
The river rat writhes in agony!
The ball python barely misses you. The adder bites you.
* * * LOW HITPOINT WARNING * * *
The river rat bites you!
* * * LOW HITPOINT WARNING * * *
The ball python bites you but does no damage.
The ball python constricts you.
* * * LOW HITPOINT WARNING * * *
The ball python bites you but does no damage.
Unknown command. 😱 HP[-10] MP[-1]
You take 10 damage, and now have 7/41 hp.
MASSIVE DAMAGE!! (PAUSE)
You lost 1 mp, and now have 0/11 mp.
You escape the ball python's grasp.
You kill the adder!
The dead are slithering!
The river rat bites you!
* * * LOW HITPOINT WARNING * * *
The ball python attacks as it pursues you!
The ball python bites you.
* * * LOW HITPOINT WARNING * * *
😱 HP[-6]
You take 6 damage, and now have 1/41 hp.
Unknown command.
You hit the river rat but do no damage.
The river rat is poisoned.
The ball python barely misses you.
Your river rat zombie bites the river rat but does no damage.
The ball python misses you. The river rat bites you.
You die...

Skill      XL: |  1  2  3  4  5  6 |
---------------+-------------------+-----
Dodging        | 2 |  2.7
Spellcasting   | 3 |  3.4
Short Blades   | 1 2 3 |  3.1
Necromancy     | 5 |  5.8
Stealth        | |  1.5

Action                     |  1- 3 |  4- 6 || total
---------------------------+-------+-------++-------
  Melee: Unarmed           |     8 |       ||     8
         Short sword       |    29 |    85 ||   114
   Cast: Necrotise         |    47 |   104 ||   151
         Vampiric Draining |       |     4 ||     4
         Animate Dead      |       |     1 ||     1
    Use: Scroll            |       |     6 ||     6
 Armour: Robe              |    35 |   163 ||   198
  Dodge: Dodged            |    32 |   114 ||   146

Levels and vault maps discovered:
D:1:      minmay_arrival_cross, layout_basic, serial_shops, shop_statue,
          serial_forest, infiniplex_forest_split,
          infiniplex_forest_lined_room_3, infiniplex_forest_clump_C,
          infiniplex_forest_lined_2, infiniplex_forest_split, minmay_cut_off
D:2:      layout_loops_ring, kennysheep_path_1, bh_walls_and_bars, uniq_terence,
          uniq_robin
D:3:      layout_rooms
D:4:      minmay_chambers_of_fours, layout_gridville,
          nicolae_qazlal_beasts_of_the_sky, cheibrodos_sewer_entry_sluice,
          kennysheep_cross_bottleneck, cheibrodos_gnoll_hut, uniq_edmund
Sewer:    sewer_minmay_treatment

Notes
Turn   | Place    | Note
-------+----------+-------------------------------------------
     0 | D:1      | ytrimaz the Mummy Necromancer began the quest for the Orb.
     0 | D:1      | Reached XP level 1. HP: 13/13 MP: 4/4
     0 | D:1      | magus.rc [v1.9.6]
    78 | D:1      | HP: 3/13 [hobgoblin (4)]
   712 | D:1      | Reached XP level 2. HP: 9/19 MP: 3/5
   715 | D:1      | Reached skill level 2 in Dodging
   725 | D:1      | Reached skill level 3 in Spellcasting
   990 | D:1      | Found Gigiker's Antique Armour Shoppe.
  1076 | D:1      | Reached XP level 3. HP: 24/24 MP: 4/7
  1471 | D:2      | Noticed Terence
  1478 | D:2      | HP: 6/24 [Terence/+1 heavy mace (13)]
  1479 | D:2      | Killed Terence
  1483 | D:2      | Reached skill level 1 in Short Blades
  1490 | D:2      | Learned a level 3 spell: Vampiric Draining
  1682 | D:2      | Noticed Robin
  1686 | D:2      | Reached XP level 4. HP: 28/30 MP: 6/9
  1716 | D:2      | Killed Robin
  2270 | D:2      | Identified the +0 pair of boots of the Desolation of Salt
                  | {rCorr}
  2312 | D:2      | You pick up a book of Burglary and begin reading...
  2312 | D:2      | You add the spells Ensorcelled Hibernation, Swiftness and
                  | Passwall to your library.
  3143 | D:3      | Reached XP level 5. HP: 31/35 MP: 1/10
  3464 | D:4      | Reached skill level 2 in Short Blades
  3464 | D:4      | Reached skill level 5 in Necromancy
  3810 | D:4      | Reached XP level 6. HP: 41/41 MP: 3/11
  3905 | D:4      | Found a glowing drain.
  3915 | D:4      | Noticed Edmund
  3915 | D:4      | Noticed a sky beast
  4034 | Sewer    | Entered a sewer
  4157 | Sewer    | Reached skill level 3 in Short Blades
  4238 | Sewer    | HP: 10/41 [river rat (6)]
  4248 | Sewer    | Learned a level 4 spell: Animate Dead
  4277 | Sewer    | HP: 8/41 [river rat (8)]
  4278 | Sewer    | HP: 2/41 [river rat (7)]
  4279 | Sewer    | Slain by a river rat

Vanquished Creatures
  A scorpion (D:4)
  A bombardier beetle (D:4)
  A hound (D:4)
  Terence (D:2)
  An orc wizard (D:3)
  Robin (D:2)
  An adder (Sewer)
  5 river rats
  A shadow imp (D:4)
  3 dart slugs (D:1)
  3 ribbon worms
  7 orcs (D:3)
  6 ball pythons
  8 bats
  4 endoplasms
  5 giant cockroaches
  15 goblins
  6 hobgoblins
  7 jackals
  12 kobolds
  2 quokkas
  5 frilled lizards
  9 rats
105 creatures vanquished.

Vanquished Creatures (collateral kills)
  A river rat (D:4)
  A dart slug (D:2)
  A giant cockroach (D:3)
  A hobgoblin (D:2)
  2 ball pythons (Sewer)
  A frilled lizard (Sewer)
  2 rats (Sewer)
9 creatures vanquished.

Grand Total: 114 creatures vanquished

Table legend:
 A = Non-vault XP
 B = Vault XP
 C = Vault XP percentage of total XP
 D = Non-vault monster count
 E = Vault monster count
 F = Vault count percentage of total count
                 A         B        C        D         E       F
            +---------+---------+-------+---------+---------+-------
      Total |     357 |     198 |  35.7 |      71 |      43 |  37.7
            +---------+---------+-------+---------+---------+-------
        D:1 |      48 |       2 |   4.0 |      25 |       1 |   3.8
        D:2 |      33 |      70 |  68.0 |      15 |      12 |  44.4
        D:3 |      80 |       0 |   0.0 |      21 |       0 |   0.0
        D:4 |     196 |      34 |  14.8 |      10 |       4 |  28.6
      Sewer |       0 |      92 | 100.0 |       0 |      26 | 100.0
            +---------+---------+-------+---------+---------+-------

Skill      XL: |  1  2  3  4  5  6 |
---------------+-------------------+-----
Dodging        | 2 |  2.7
Spellcasting   | 3 |  3.4
Short Blades   | 1 2 3 |  3.1
Necromancy     | 5 |  5.8
Stealth        | |  1.5

Action                     |  1- 3 |  4- 6 || total
---------------------------+-------+-------++-------
  Melee: Unarmed           |     8 |       ||     8
         Short sword       |    29 |    85 ||   114
   Cast: Necrotise         |    47 |   104 ||   151
         Vampiric Draining |       |     4 ||     4
         Animate Dead      |       |     1 ||     1
    Use: Scroll            |       |     6 ||     6
 Armour: Robe              |    35 |   163 ||   198
  Dodge: Dodged            |    32 |   114 ||   146

Illustrated notes

Table legend:
 A = Kills in this place as a percentage of kills in the entire game.
 B = Kills by you in this place as a percentage of kills by you in the entire game.
 C = Kills by friends in this place as a percentage of kills by friends in the entire game.
 D = Other kills in this place as a percentage of other kills in the entire game.
 E = Experience gained in this place as a percentage of experience gained in the entire game.
 F = Experience gained in this place divided by the number of levels of this place that you have seen.
                   A       B       C       D       E      F
               +-------+-------+-------+-------+-------+----------------------
         Total | 100.0 | 100.0 | 100.0 |   N/A | 100.0 | 111.0
       Dungeon |  77.2 |  80.0 |  44.4 |   N/A |  83.4 | 115.8
         Sewer |  22.8 |  20.0 |  55.6 |   N/A |  16.6 |  92.0
               +-------+-------+-------+-------+-------+----------------------

Table legend: (Time is in decaauts)
 A = Elapsed time spent in this place.
 B = Non-inter-level travel time spent in this place.
 C = Inter-level travel time spent in this place.
 D = Time resting spent in this place.
 E = Time spent auto-exploring this place.
 F = Levels seen in this place.
 G = Mean time per level.
                   A        B        C        D        E       F      G
               +--------+--------+--------+--------+--------+-----+--------+
         Total |   4270 |   4045 |    225 |     70 |   3204 |   5 |  854.0 |
       Dungeon |   4031 |   3806 |    225 |     70 |   3080 |   4 | 1007.8 |
         Sewer |    238 |    238 |      0 |      0 |    124 |   1 |  238.0 |
               +--------+--------+--------+--------+--------+-----+--------+

Top non-repeatable levels by time:
     D:1: 1469 daAuts
     D:2: 1383 daAuts
     D:3: 602 daAuts
     D:4: 575 daAuts
   Sewer: 238 daAuts
